[Event "Titled Tuesday Blitz September 28 2021"]
[White "Godzwon, Iwo"]
[Black "Tarasova, Viktoriya"]
[WhiteFideId "21802483"]
[BlackFideId "4175840"]
[WhiteElo "2201"]
[BlackElo "2182"]
[Result "1-0"]
[Round "08"]
[TimeControl "180+1"]
[Date "2021.09.28"]
[WhiteClock "0:01:31"]
[BlackClock "0:00:07"]

1. d4 Nf6 2. Nf3 e6 3. c3 b6 4. Bg5 Bb7 5. Nbd2 d5 6. e3 h6 7. Bh4 Nbd7 8. Bd3 Be7 9. O-O Ne4 10. Bxe7 Qxe7 11. Ne1 O-O 12. f3 Nxd2 13. Qxd2 c5 14. Qf2 e5 15. Bf5 Nf6 16. Nd3 exd4 17. exd4 c4 18. Rae1 Qd6 19. Ne5 b5 20. a3 a5 21. g4 Bc8 22. Bxc8 Rfxc8 23. h4 Nh7 24. f4 Nf6 25. g5 Ne4 26. Qg2 b4 27. axb4 axb4 28. cxb4 hxg5 29. fxg5 Rc7 30. h5 Qb6 31. Rxe4 dxe4 32. Qxe4 Rd8 33. Rf4 Qxb4 34. h6 Qb7 35. Qf5 Qxb2 36. g6 Qc1+ 37. Rf1 Qe3+ 38. Kg2 fxg6 39. Qe6+ Kh7 40. Qxg6+ Kg8 41. Qe6+ Kh7 42. Qf5+ Kg8 43. Ng6 Qxh6 44. Qe6+ Kh7 45. Rh1 Qxh1+ 46. Kxh1 c3 47. Ne7 c2 48. Qg6+ Kh8 49. Qh5# 1-0


[Site "https://www.chess.com"]

[Event "Titled Tuesday Blitz September 28 2021"]
[White "Gracia Alvarez, Gerardo Antonio"]
[Black "Azarov, Sergei"]
[WhiteFideId "5109124"]
[BlackFideId "13501470"]
[WhiteElo "2148"]
[BlackElo "2494"]
[Result "0-1"]
[Round "08"]
[TimeControl "180+1"]
[Date "2021.09.28"]
[WhiteClock "0:00:01"]
[BlackClock "0:00:17"]

1. e4 c5 2. Nf3 d6 3. Bb5+ Bd7 4. Bxd7+ Qxd7 5. O-O Nf6 6. Re1 Nc6 7. c3 e6 8. d4 cxd4 9. cxd4 d5 10. e5 Ne4 11. Nbd2 Nxd2 12. Bxd2 Be7 13. Rc1 O-O 14. Rc3 Rfc8 15. a3 h6 16. Rd3 b5 17. h4 a5 18. h5 Bf8 19. Nh2 Ne7 20. Ng4 Nf5 21. Ne3 b4 22. Nxf5 exf5 23. Rde3 Ra6 24. Qb3 Rc4 25. Rd3 a4 26. Qd1 b3 27. Qf3 Rc2 28. Bc3 Rc6 29. Re2 f4 30. Rdd2 R6xc3 31. bxc3 b2 32. Rd1 Qb5 33. Ree1 Bxa3 34. Rb1 Rc1 35. Rd1 Qb3 36. Kh2 Rxd1 37. Qe2 Rxb1 0-1


[Site "https://www.chess.com"]

[Event "Titled Tuesday Blitz September 28 2021"]
[White "Havanecz, Bianka"]
[Black "Paltrinieri, Nicholas"]
[WhiteFideId "704814"]
[BlackFideId "828262"]
[WhiteElo "2400"]
[BlackElo "2254"]
[Result "0-1"]
[Round "08"]
[TimeControl "180+1"]
[Date "2021.09.28"]
[WhiteClock "0:00:06"]
[BlackClock "0:00:07"]

1. d4 g6 2. c4 Bg7 3. e4 d6 4. Nc3 c6 5. h3 a6 6. Be3 b5 7. Rc1 Nd7 8. Nf3 Ngf6 9. a3 bxc4 10. Bxc4 d5 11. Bd3 dxe4 12. Nxe4 Bb7 13. O-O O-O 14. Bb1 Nd5 15. Bg5 h6 16. Bh4 Qb6 17. b4 a5 18. Nc5 Nxc5 19. bxc5 Qc7 20. Bg3 Qd8 21. Re1 Rc8 22. Be5 Ba6 23. Bxg7 Kxg7 24. Bd3 Bxd3 25. Qxd3 e6 26. Ne5 Qc7 27. Nc4 Rb8 28. Nd6 a4 29. Rb1 Rxb1 30. Rxb1 Rb8 31. g3 h5 32. Rb7 Rxb7 33. Ne8+ Kf8 34. Nxc7 Nxc7 35. Qc4 Ra7 36. Qb4 Nb5 37. h4 Ke7 38. Kg2 Kd7 39. f3 Ra8 40. g4 hxg4 41. fxg4 Ke7 42. Kg3 Kd7 43. h5 gxh5 44. gxh5 Ke7 45. Qb2 Rd8 46. h6 Nxd4 47. h7 e5 48. Qb7+ Kf6 49. Qc7 Rh8 50. Qd6+ Kf5 51. Qd7+ Kf6 52. Qd6+ Ne6 53. Qxc6 Rxh7 54. Qd6 Rg7+ 55. Kf2 Rg8 56. c6 Rc8 57. Qd7 Rc7 58. Qd6 Kf5 59. Qd3+ Kg5 60. Qe3+ Kf6 61. Qf3+ Ke7 62. Qd5 f6 63. Qc4 Nd4 64. Qxa4 Rxc6 65. Qb4+ Ke6 66. a4 f5 67. a5 Rc2+ 68. Ke1 Nf3+ 69. Kd1 Rd2+ 70. Kc1 Rd6 71. Qb5 Nd4 72. Qc4+ Kf6 73. a6 Rd7 74. Qc5 Nb3+ 75. Kb2 Nxc5 76. a7 Rxa7 0-1


[Site "https://www.chess.com"]

[Event "Titled Tuesday Blitz September 28 2021"]
[White "Herrera Reyes, Jose Antonio"]
[Black "Pajeken, Jakob Leon"]
[WhiteFideId "2274914"]
[BlackFideId "12942839"]
[WhiteElo "2361"]
[BlackElo "2351"]
[Result "1-0"]
[Round "08"]
[TimeControl "180+1"]
[Date "2021.09.28"]
[WhiteClock "0:01:58"]
[BlackClock "0:00:29"]

1. Nf3 d5 2. g3 Nc6 3. Bg2 e5 4. O-O Be6 5. c4 dxc4 6. Qa4 Bd6 7. Na3 Ne7 8. Nxc4 O-O 9. d3 f6 10. a3 a6 11. Qc2 b5 12. Nxd6 cxd6 13. Bd2 Rc8 14. Qd1 d5 15. a4 b4 16. a5 Qd6 17. Ne1 Rb8 18. Qa4 Rfc8 19. f4 e4 20. f5 Bd7 21. Bf4 Ne5 22. Qb3 Kh8 23. d4 Nxf5 24. dxe5 fxe5 25. Bd2 e3 26. Bxe3 Rc3 27. bxc3 Nxe3 28. Rf3 Nxg2 29. Nxg2 e4 30. Rf4 g5 31. Rf2 Qe5 32. Rc1 bxc3 33. Qxc3 Qxc3 34. Rxc3 d4 35. Rc7 Bb5 36. Rff7 Bxe2 37. Rxh7+ Kg8 38. Rcg7+ Kf8 39. Rh8+ Kxg7 40. Rxb8 d3 41. Rd8 Kf6 42. Kf2 Ke5 43. Ke3 Kf5 44. h3 1-0


[Site "https://www.chess.com"]

[Event "Titled Tuesday Blitz September 28 2021"]
[White "Hjartarson, Johann"]
[Black "Shuvalov, Evgenij"]
[WhiteFideId "2300044"]
[BlackFideId "4187237"]
[WhiteElo "2502"]
[BlackElo "2129"]
[Result "1-0"]
[Round "08"]
[TimeControl "180+1"]
[Date "2021.09.28"]
[WhiteClock "0:00:30"]
[BlackClock "0:00:17"]

1. e4 e6 2. d4 d5 3. Nd2 c5 4. exd5 exd5 5. Ngf3 Nc6 6. Bb5 Qe7+ 7. Qe2 Qxe2+ 8. Bxe2 Bf5 9. O-O Bxc2 10. Re1 O-O-O 11. dxc5 Bxc5 12. b3 Nf6 13. Bb2 Bg6 14. Rac1 Bb4 15. Bb5 Rhe8 16. Rxe8 Rxe8 17. Nf1 Kc7 18. Ne3 Be4 19. a3 Bd6 20. Nd4 Be5 21. Bxc6 bxc6 22. Rxc6+ Kb7 23. Rc5 Rc8 24. Rxc8 Kxc8 25. f3 Bd3 26. b4 Kc7 27. Nb5+ Bxb5 28. Bxe5+ Kc6 29. Bxf6 gxf6 30. Nf5 Bd3 31. Nd4+ Kd6 32. Kf2 Bb1 33. Ke3 a6 34. g3 Ke5 35. Nc6+ Kd6 36. Nb8 a5 37. bxa5 Kc5 38. Nd7+ Kb5 39. Kd4 Kxa5 40. Nxf6 Ka4 41. Kxd5 Kxa3 42. Kd6 Kb2 43. Ke7 Bg6 44. f4 Kc3 45. g4 h5 46. f5 hxg4 47. fxg6 fxg6 48. Nxg4 Kd4 49. Kf6 Ke4 50. Kxg6 Kf4 51. Kh5 Kf5 52. h4 Ke6 53. Nh6 Kf6 54. Kg4 Kg6 55. Nf5 Kf6 56. h5 Kf7 57. Kg5 Kg8 58. Kg6 Kh8 59. h6 Kg8 60. Ne7+ Kh8 61. Nf5 Kg8 62. Nd6 Kh8 63. Nf7+ Kg8 64. h7+ Kf8 65. h8=Q+ Ke7 66. Qd8+ Ke6 67. Qd6# 1-0


[Site "https://www.chess.com"]

[Event "Titled Tuesday Blitz September 28 2021"]
[White "Holt, Conrad"]
[Black "Bortnyk, Olexandr"]
[WhiteFideId "2034387"]
[BlackFideId "14120828"]
[WhiteElo "2586"]
[BlackElo "2723"]
[Result "0-1"]
[Round "08"]
[TimeControl "180+1"]
[Date "2021.09.28"]
[WhiteClock "0:00:04"]
[BlackClock "0:00:05"]

1. d4 f5 2. g3 Nf6 3. Bg2 d6 4. Nf3 g6 5. O-O Bg7 6. b4 c6 7. c4 d5 8. Qc2 O-O 9. Bf4 Kh8 10. Nbd2 Be6 11. Nb3 Nbd7 12. Na5 Qb6 13. c5 Qxb4 14. Bd2 Qb5 15. Rab1 Qa6 16. Rxb7 Ne4 17. Be1 Rab8 18. Rc7 Rfc8 19. Rxc8+ Rxc8 20. Qd3 Nb8 21. Bb4 Bd7 22. Rb1 Bf6 23. h4 Qb5 24. Be1 Qa4 25. a3 f4 26. Rb4 Qxa5 27. Rxb8 Qc7 28. Rxc8+ Bxc8 29. gxf4 Qxf4 30. e3 Qg4 31. Qb3 Ba6 32. Qb8+ Kg7 33. Qxa7 Be2 34. Ne5 Qxh4 35. Nxc6 Ng5 36. Qd7 Nf3+ 37. Bxf3 Bxf3 0-1


[Site "https://www.chess.com"]

[Event "Titled Tuesday Blitz September 28 2021"]
[White "Ibrahimli, Murad"]
[Black "Perez Ponsa, Federico"]
[WhiteFideId "13410229"]
[BlackFideId "117927"]
[WhiteElo "2109"]
[BlackElo "2672"]
[Result "0-1"]
[Round "08"]
[TimeControl "180+1"]
[Date "2021.09.28"]
[WhiteClock "0:00:07"]
[BlackClock "0:01:08"]

1. e4 c6 2. d3 d5 3. Nd2 e5 4. g3 Nf6 5. Bg2 Bd6 6. Ngf3 O-O 7. O-O Re8 8. Re1 d4 9. Nc4 Bc7 10. a4 b5 11. Ncd2 a5 12. Nh4 Nbd7 13. b3 Nc5 14. Ba3 Bd6 15. Nf5 Bf8 16. h3 Be6 17. Qf3 bxa4 18. bxa4 Nfd7 19. h4 g6 20. g4 f6 21. Ng3 Rb8 22. h5 Bh6 23. Nc4 Bxc4 24. dxc4 Ne6 25. hxg6 hxg6 26. Rab1 Bf8 27. Rxb8 Qxb8 28. Bc1 Be7 29. g5 fxg5 30. Bh3 Qd6 31. c5 Ndxc5 32. Ba3 Kg7 33. Qg4 Nf4 34. Bf1 Rh8 35. Rb1 Qe6 36. Qxe6 Nfxe6 37. Rb6 Rc8 38. Bc4 Kf6 39. Bxe6 Nxe6 40. Bxe7+ Kxe7 41. Ra6 Rb8 42. Rxa5 Kd6 43. Ra7 Rb2 44. a5 Rxc2 45. Kf1 Ra2 46. a6 Nc7 47. Rb7 Rxa6 48. Rb8 c5 49. Rg8 c4 50. Rxg6+ Kc5 51. Rxg5 c3 52. Rxe5+ Kc4 53. Re7 Nb5 54. Re8 d3 55. Rc8+ Kb3 56. f4 d2 57. Ke2 Ra1 58. Rd8 Re1+ 59. Kf3 d1=Q+ 60. Rxd1 Rxd1 61. f5 c2 62. Ne2 Nd4+ 63. Nxd4+ Rxd4 64. f6 c1=Q 65. f7 0-1


[Site "https://www.chess.com"]

[Event "Titled Tuesday Blitz September 28 2021"]
[White "Indjic, Aleksandar"]
[Black "Tsydypov, Zhamsaran"]
[WhiteFideId "911925"]
[BlackFideId "4108566"]
[WhiteElo "2643"]
[BlackElo "2649"]
[Result "0-1"]
[Round "08"]
[TimeControl "180+1"]
[Date "2021.09.28"]
[WhiteClock "0:00:16"]
[BlackClock "0:00:28"]

1. e4 c5 2. Nf3 d6 3. d4 cxd4 4. Nxd4 Nf6 5. Nc3 a6 6. Bc4 Nbd7 7. Qe2 Nc5 8. a3 e6 9. Ba2 Qc7 10. g4 h6 11. h4 b5 12. Rg1 Bb7 13. f3 g6 14. Be3 Bg7 15. O-O-O O-O 16. g5 hxg5 17. hxg5 Nh5 18. Rh1 Rfc8 19. Rxh5 gxh5 20. Qh2 d5 21. Qxh5 Na4 22. g6 Nxc3 23. bxc3 fxg6 24. Qxg6 Qf7 25. Qg4 Rxc3 26. Bh6 Rxa3 27. Rg1 Rxa2 28. Qxg7+ Qxg7 29. Rxg7+ Kh8 30. Rxb7 Rg8 31. e5 Rg2 32. Bf8 Ra4 33. Nxe6 Rc4 34. Kb1 Rcxc2 35. Ba3 Rc3 36. Rb8+ Kh7 37. Rb7+ Kg8 38. Nf4 Rb3+ 39. Kc1 Rg1+ 40. Kd2 Rxa3 41. e6 Ra2+ 42. Kc3 Re1 43. Kd4 Ra4+ 44. Kc5 Rxf4 45. Kd6 Rf6 0-1


[Site "https://www.chess.com"]

[Event "Titled Tuesday Blitz September 28 2021"]
[White "Iskusnyh, Sergei"]
[Black "Kovanova, Baira"]
[WhiteFideId "4120027"]
[BlackFideId "4164083"]
[WhiteElo "2492"]
[BlackElo "2187"]
[Result "1-0"]
[Round "08"]
[TimeControl "180+1"]
[Date "2021.09.28"]
[WhiteClock "0:00:15"]
[BlackClock "0:00:03"]

1. d4 Nf6 2. c4 e6 3. g3 c5 4. Nf3 cxd4 5. Nxd4 Nc6 6. Bg2 Bc5 7. Nb3 Bb4+ 8. Bd2 O-O 9. O-O d5 10. cxd5 Nxd5 11. Bxb4 Ndxb4 12. Nc3 e5 13. a3 Na6 14. Ne4 Qb6 15. Nbd2 Qxb2 16. Nc4 Qd4 17. Ned6 Nc5 18. Qc2 Ne6 19. e3 Qc5 20. Rfc1 b5 21. Nxe5 Qxe5 22. Qxc6 Rb8 23. Nxc8 Rbxc8 24. Qxc8 Rxc8 25. Rxc8+ Nf8 26. Rd1 g6 27. Rdd8 Kg7 28. Rxf8 Qa1+ 29. Bf1 Qxa3 30. Bxb5 a5 31. Ra8 Qb4 32. Rfb8 a4 33. Bxa4 Qe1+ 34. Kg2 1-0


[Site "https://www.chess.com"]

[Event "Titled Tuesday Blitz September 28 2021"]
[White "Kanyamarala, Tarun"]
[Black "Thejkumar, M. S."]
[WhiteFideId "45004714"]
[BlackFideId "5009154"]
[WhiteElo "2077"]
[BlackElo "2312"]
[Result "0-1"]
[Round "08"]
[TimeControl "180+1"]
[Date "2021.09.28"]
[WhiteClock "0:02:00"]
[BlackClock "0:02:20"]

1. e4 c6 2. d4 d5 3. exd5 cxd5 4. Bd3 Nc6 5. c3 Nf6 6. Bf4 Bg4 7. Qb3 Qd7 8. Nd2 e6 9. Ngf3 Bxf3 10. Nxf3 Bd6 11. Ne5 Qc7 12. Bg3 Nxe5 13. dxe5 Bxe5 14. Bb5+ Kf8 15. Qa3+ Kg8 16. O-O h5 17. Bxe5 Qxe5 18. Rae1 Qc7 19. Bd3 Ng4 20. g3 h4 21. f4 hxg3 22. hxg3 Qb6+ 0-1


[Site "https://www.chess.com"]

[Event "Titled Tuesday Blitz September 28 2021"]
[White "Karttunen, Mika"]
[Black "Pourkashiyan, Atousa"]
[WhiteFideId "502081"]
[BlackFideId "12502014"]
[WhiteElo "2343"]
[BlackElo "2285"]
[Result "0-1"]
[Round "08"]
[TimeControl "180+1"]
[Date "2021.09.28"]
[WhiteClock "0:00:01"]
[BlackClock "0:01:01"]

1. d4 Nf6 2. c4 e6 3. Nc3 Bb4 4. e3 O-O 5. Nf3 d5 6. Bd3 dxc4 7. Bxc4 c5 8. O-O Nbd7 9. a3 Bxc3 10. bxc3 Qc7 11. Ba2 e5 12. Bb2 b6 13. Rc1 Bb7 14. Nd2 Rad8 15. f3 Nd5 16. Re1 Rfe8 17. c4 N5f6 18. d5 e4 19. f4 Nf8 20. Nf1 Qe7 21. a4 Bc8 22. h3 Ng6 23. Qe2 Nh4 24. Qf2 Nf5 25. g4 Nd6 26. Ng3 Bd7 27. g5 Nxd5 28. cxd5 Bxa4 29. h4 Rc8 30. f5 Qd7 31. Qf4 c4 32. Kh2 b5 33. Ba3 Nb7 34. h5 a5 35. h6 b4 36. Bb2 c3 37. Ba1 Qd6 38. Qxd6 Nxd6 39. hxg7 Kxg7 40. Kh3 Kg8 41. Kg4 Bd7 42. Kf4 a4 43. Ne2 b3 44. Bxb3 axb3 45. Rxc3 Nxf5 46. Rxb3 Ne7 47. Rd1 Rcd8 0-1


[Site "https://www.chess.com"]

[Event "Titled Tuesday Blitz September 28 2021"]
[White "Khusnutdinov, Rustam"]
[Black "Wadsworth, Matthew J"]
[WhiteFideId "13701703"]
[BlackFideId "415804"]
[WhiteElo "2571"]
[BlackElo "2293"]
[Result "1-0"]
[Round "08"]
[TimeControl "180+1"]
[Date "2021.09.28"]
[WhiteClock "0:00:31"]
[BlackClock "0:00:04"]

1. d4 Nf6 2. c4 c5 3. d5 e6 4. Nc3 exd5 5. cxd5 d6 6. e4 g6 7. Nge2 h5 8. Bg5 Bg7 9. Qd2 a6 10. a4 Nbd7 11. Nc1 O-O 12. Be2 Qe8 13. f3 Nh7 14. Bh6 f5 15. Nd3 Ne5 16. Nxe5 Qxe5 17. Bxg7 Kxg7 18. f4 Qd4 19. Rd1 Qxd2+ 20. Rxd2 fxe4 21. Nxe4 Rxf4 22. Nxd6 b5 23. Nxc8 Rxc8 24. axb5 axb5 25. Bxb5 Nf6 26. Bc6 Rb8 27. Rf1 Re4+ 28. Kd1 Rbb4 29. d6 Red4 30. Rf2 Ng4 31. Re2 Rxd2+ 32. Rxd2 Rb8 33. d7 Rd8 34. Re2 Nf6 35. Kc2 Kf7 36. Re5 Nxd7 37. Bxd7 Rxd7 38. Rxc5 Kf6 39. b4 Rb7 40. b5 Ra7 41. Kb3 Ke6 42. h4 Ra1 43. Rg5 Rb1+ 44. Kc4 Rc1+ 45. Kb4 Rb1+ 46. Ka5 Kf6 47. b6 Rb2 48. Ka6 Ra2+ 49. Ra5 Rb2 50. b7 1-0


[Site "https://www.chess.com"]

[Event "Titled Tuesday Blitz September 28 2021"]
[White "Korchmar, Vasiliy"]
[Black "Balabayeva, Xeniya"]
[WhiteFideId "24131750"]
[BlackFideId "13719688"]
[WhiteElo "2370"]
[BlackElo "1965"]
[Result "1-0"]
[Round "08"]
[TimeControl "180+1"]
[Date "2021.09.28"]
[WhiteClock "0:01:54"]
[BlackClock "0:00:15"]

1. e4 c6 2. d4 d5 3. e5 Bf5 4. c4 e6 5. Nc3 Bb4 6. cxd5 exd5 7. Bd3 Bxd3 8. Qxd3 Ne7 9. f4 Qd7 10. Nf3 h5 11. O-O Qf5 12. Qe2 Nd7 13. Ng5 O-O-O 14. Nd1 Qg6 15. Ne3 Nf5 16. Nxf5 Qxf5 17. Be3 Rhe8 18. a3 Ba5 19. b4 Bb6 20. a4 Re7 21. a5 Bc7 22. a6 b6 23. Rac1 f6 24. Nf3 Nb8 25. b5 cxb5 26. Qxb5 Qd7 27. Qd3 Rde8 28. Nh4 Kd8 29. Nf5 Re6 30. Rc2 g6 31. Nh4 f5 32. Nf3 Qa4 33. Rfc1 R6e7 34. Bf2 Nxa6 35. Bh4 Nb4 36. Rxc7 Nxd3 37. Rc8+ Kd7 38. R1c7+ Ke6 39. Ng5# 1-0


[Site "https://www.chess.com"]

[Event "Titled Tuesday Blitz September 28 2021"]
[White "Krivonosov, Oleg"]
[Black "Kucuksari, Kaan"]
[WhiteFideId "11600349"]
[BlackFideId "6380166"]
[WhiteElo "2469"]
[BlackElo "2301"]
[Result "1/2-1/2"]
[Round "08"]
[TimeControl "180+1"]
[Date "2021.09.28"]
[WhiteClock "0:00:25"]
[BlackClock "0:00:07"]

1. Nf3 Nf6 2. c4 b6 3. g3 Bb7 4. Bg2 e6 5. O-O Be7 6. Nc3 O-O 7. d4 Ne4 8. Nxe4 Bxe4 9. Nh4 Bxg2 10. Nxg2 d5 11. Qa4 Qd7 12. Qxd7 Nxd7 13. cxd5 exd5 14. Rd1 Rac8 15. Bf4 Rfd8 16. Rac1 c6 17. Rc2 Nf8 18. Be3 Ne6 19. Nf4 Nxf4 20. Bxf4 Bf6 21. b3 Re8 22. e3 Re6 23. h4 h5 24. Rdc1 Be7 25. Kg2 Kf8 26. Be5 f6 27. Bf4 Ke8 28. Rb1 c5 29. dxc5 g5 30. cxb6 Rxc2 31. b7 Rb6 32. b8=Q+ Rxb8 33. Bxb8 Rxa2 34. hxg5 fxg5 35. Be5 Kd7 36. Bd4 a6 37. Rh1 h4 38. Kf3 Ke6 39. gxh4 gxh4 40. Rc1 Bd6 41. Rh1 Be7 42. Rc1 Bd6 43. Rh1 Ra3 44. Rxh4 Rxb3 45. Rh6+ Kd7 46. Rh7+ Kc6 47. Rh6 Kd7 48. Rh7+ Kc6 49. Rh6 Rb7 50. Be5 Rd7 51. Ke2 Kc5 52. Bxd6+ Rxd6 53. Rxd6 Kxd6 54. Kd3 Ke5 55. f4+ Ke6 56. Kc3 a5 57. Kb3 Kf5 58. Ka4 Ke4 59. Kxa5 d4 60. exd4 Kxd4 61. Kb6 Ke4 62. Kc7 Kf5 63. Kd6 Kxf4 1/2-1/2


[Site "https://www.chess.com"]

[Event "Titled Tuesday Blitz September 28 2021"]
[White "Krzywda, Andrzej"]
[Black "ketster"]
[WhiteFideId "1114565"]
[WhiteElo "2139"]
[BlackElo "2567"]
[Result "1-0"]
[Round "08"]
[TimeControl "180+1"]
[Date "2021.09.28"]
[WhiteClock "0:00:09"]
[BlackClock "0:00:20"]

1. e4 e5 2. Nf3 Nc6 3. d4 exd4 4. Nxd4 Bc5 5. Nb3 Bb6 6. Nc3 a5 7. Nd5 Ba7 8. a4 h6 9. Bf4 d6 10. Qd2 Nf6 11. O-O-O O-O 12. f3 Nxd5 13. exd5 Nb4 14. g4 Bd7 15. h4 Bxa4 16. g5 h5 17. Bd3 Bxb3 18. cxb3 Nxd3+ 19. Qxd3 Bc5 20. g6 Qf6 21. Bg5 Qxg6 22. Qxg6 fxg6 23. f4 Be3+ 24. Kc2 Bxf4 25. Rhg1 Be5 26. Bd2 a4 27. Rxg6 axb3+ 28. Kxb3 Rf3+ 29. Bc3 Re8 30. Rdg1 Re7 31. R1g5 Rh3 32. Rxh5 Bf6 33. Ka2 Kf7 34. Rxf6+ gxf6 35. Rh7+ Ke8 36. Rh8+ Kd7 37. Bxf6 Rf7 38. Rd8# 1-0


[Site "https://www.chess.com"]

[Event "Titled Tuesday Blitz September 28 2021"]
[White "Kuegel, Tobias"]
[Black "Rottenwohrer Suarez, Juan"]
[WhiteFideId "4636295"]
[BlackFideId "32068182"]
[WhiteElo "2424"]
[BlackElo "2158"]
[Result "0-1"]
[Round "08"]
[TimeControl "180+1"]
[Date "2021.09.28"]
[WhiteClock "0:00:01"]
[BlackClock "0:00:06"]

1. e4 c5 2. c4 Nc6 3. Ne2 e5 4. d3 g6 5. Nbc3 Bg7 6. g3 Nge7 7. Bg2 O-O 8. O-O Rb8 9. Nd5 b5 10. b3 Nxd5 11. cxd5 Nd4 12. Nxd4 exd4 13. f4 c4 14. dxc4 bxc4 15. e5 cxb3 16. Qxd4 d6 17. axb3 dxe5 18. fxe5 Re8 19. Bf4 Qb6 20. Qxb6 Rxb6 21. Rxa7 Rxb3 22. d6 Rd3 23. Bc6 Rd8 24. Bg5 R8xd6 25. exd6 Bd4+ 26. Kg2 Bxa7 27. Be8 Be6 28. d7 Bxd7 29. Bxf7+ Kg7 30. Bc4 Bc6+ 31. Kh3 Rd7 32. Bf6+ Kh6 0-1


[Site "https://www.chess.com"]

[Event "Titled Tuesday Blitz September 28 2021"]
[White "Lazavik, Denis"]
[Black "Levitskiy, Andrey"]
[WhiteFideId "13515110"]
[BlackFideId "14132885"]
[WhiteElo "2436"]
[BlackElo "2340"]
[Result "1-0"]
[Round "08"]
[TimeControl "180+1"]
[Date "2021.09.28"]
[WhiteClock "0:00:20"]
[BlackClock "0:00:06"]

1. d4 Nf6 2. c4 e6 3. Nf3 Bb4+ 4. Bd2 Qe7 5. g3 Bxd2+ 6. Qxd2 Nc6 7. a3 d5 8. Bg2 O-O 9. O-O Rd8 10. Qc3 dxc4 11. Nbd2 Nd5 12. Qxc4 e5 13. dxe5 Nxe5 14. Nxe5 Qxe5 15. Nf3 Qe7 16. Rfd1 c6 17. Nd4 h6 18. Rac1 Nb6 19. Qc3 Qf6 20. e4 Be6 21. f4 Bg4 22. Rd2 c5 23. Nb3 Qxc3 24. Rxc3 Rxd2 25. Nxd2 Rd8 26. Nf3 Rd1+ 27. Kf2 Bxf3 28. Kxf3 Rd2 29. Rxc5 Rxb2 30. e5 1-0


[Site "https://www.chess.com"]

[Event "Titled Tuesday Blitz September 28 2021"]
[White "Leitao, Rafael"]
[Black "Bristy, Mukherjee"]
[WhiteFideId "2101246"]
[BlackFideId "25077325"]
[WhiteElo "2609"]
[BlackElo "1661"]
[Result "1-0"]
[Round "08"]
[TimeControl "180+1"]
[Date "2021.09.28"]
[WhiteClock "0:00:44"]
[BlackClock "0:00:05"]

1. c4 f5 2. Nc3 Nf6 3. g3 Nc6 4. Bg2 e5 5. d3 Bb4 6. Bd2 O-O 7. a3 Bxc3 8. Bxc3 d6 9. e3 f4 10. Qd2 fxe3 11. fxe3 Ng4 12. Nf3 e4 13. dxe4 Qe8 14. O-O-O Qxe4 15. Ne5 Qxe3 16. Bd5+ Kh8 17. Nf7+ Kg8 18. Nxd6+ Kh8 19. Nf7+ Kg8 20. Ne5+ Kh8 21. Nf7+ Kg8 22. Rhf1 Qxd2+ 23. Rxd2 Nf6 24. Nh6+ Kh8 25. Rdf2 Bh3 26. Rxf6 Bxf1 27. Nf7+ Kg8 28. Nd8+ 1-0


[Site "https://www.chess.com"]

[Event "Titled Tuesday Blitz September 28 2021"]
[White "Lewtak, Damian"]
[Black "Dudzinski, Pawel"]
[WhiteFideId "1141724"]
[BlackFideId "1117890"]
[WhiteElo "2231"]
[BlackElo "2193"]
[Result "1-0"]
[Round "08"]
[TimeControl "180+1"]
[Date "2021.09.28"]
[WhiteClock "0:00:38"]
[BlackClock "0:00:01"]

1. d4 d5 2. c3 e6 3. Bf4 c5 4. e3 Nc6 5. Nd2 Nf6 6. Ngf3 Bd6 7. Bg3 O-O 8. Bd3 b6 9. e4 dxe4 10. Nxe4 Nxe4 11. Bxe4 Bb7 12. Qa4 Na5 13. dxc5 Bxc5 14. Rd1 Qe8 15. Qxe8 Rfxe8 16. Bxb7 Nxb7 17. Rd7 Re7 18. Rxe7 Bxe7 19. Ke2 Bf6 20. Rd1 Rd8 21. Rxd8+ Nxd8 22. Kd3 Kf8 23. Kc4 Ke7 24. Kb5 Kd7 25. Ka6 Nc6 26. Kb7 e5 27. Nd2 Bd8 28. Nc4 f6 29. f3 b5 30. Ne3 a5 31. Bf2 b4 32. c4 a4 33. Nd5 b3 34. axb3 axb3 35. Ka6 Ba5 36. Kb5 Bd2 37. Be3 Nd4+ 38. Bxd4 exd4 39. Ka4 Kd6 40. Kxb3 Kc5 41. Nc7 Be3 42. Ne6+ Kd6 43. Nxg7 d3 44. Kc3 d2 45. Kc2 Kc5 46. b3 Kb4 47. Nf5 Bf4 48. g3 Bg5 49. f4 1-0


[Site "https://www.chess.com"]

[Event "Titled Tuesday Blitz September 28 2021"]
[White "Lysyj, Igor"]
[Black "Bluebaum, Matthias"]
[WhiteFideId "4150120"]
[BlackFideId "24651516"]
[WhiteElo "2660"]
[BlackElo "2681"]
[Result "1-0"]
[Round "08"]
[TimeControl "180+1"]
[Date "2021.09.28"]
[WhiteClock "0:00:14"]
[BlackClock "0:00:02"]

1. d4 d5 2. c4 e6 3. Nf3 Nf6 4. g3 Bb4+ 5. Bd2 a5 6. Bg2 O-O 7. Qc2 Be7 8. O-O c6 9. b3 Ne4 10. Nc3 Nxd2 11. Qxd2 f5 12. e3 Nd7 13. Qc2 g5 14. Rfd1 Bd6 15. Ne2 Qf6 16. a3 Kh8 17. Qc3 Qe7 18. Qb2 b6 19. Ne5 Bb7 20. Rdc1 Nxe5 21. dxe5 Qg7 22. f4 gxf4 23. exf4 Bc5+ 24. Kh1 Qe7 25. cxd5 cxd5 26. Nd4 Rfc8 27. b4 axb4 28. axb4 Bxb4 29. Rxa8 Rxa8 30. Rb1 Bc5 31. Nb3 Ba3 32. Qd2 Ba6 33. Nd4 Bc5 34. Nb3 Bc4 35. Nd4 Ra2 36. Qd1 Qf7 37. Ra1 Rxa1 38. Qxa1 Bxd4 39. Qxd4 Qa7 40. h3 Qa5 41. g4 Qc5 42. Qa1 Qa5 43. Qd4 Kg7 44. gxf5 exf5 45. e6+ Kg6 46. Qe5 Qb5 47. e7 Qe8 48. Qe6+ Kg7 49. Bf3 Bd3 50. Qe5+ Kh6 51. Qf6+ Qg6 52. Qxg6+ 1-0


[Site "https://www.chess.com"]

[Event "Titled Tuesday Blitz September 28 2021"]
[White "Madaminov, Mukhiddin"]
[Black "Rogac, Srdjan"]
[WhiteFideId "14210703"]
[BlackFideId "920576"]
[WhiteElo "1855"]
[BlackElo "2389"]
[Result "0-1"]
[Round "08"]
[TimeControl "180+1"]
[Date "2021.09.28"]
[WhiteClock "0:00:43"]
[BlackClock "0:00:52"]

1. e4 c6 2. d4 d5 3. exd5 cxd5 4. c4 Nf6 5. Nc3 g6 6. Nf3 Bg7 7. cxd5 O-O 8. Bc4 Na6 9. O-O Qb6 10. Qb3 Rd8 11. Qxb6 axb6 12. Ne5 Nc7 13. d6 Rxd6 14. Bxf7+ Kf8 15. Bb3 Be6 16. Be3 Nfd5 17. Nxd5 Bxd5 18. Rfc1 Ne6 19. Bxd5 Rxd5 20. Nc4 Ra6 21. Rd1 Bxd4 22. Bxd4 Rxd4 23. Rxd4 Nxd4 24. Rd1 Rxa2 25. h3 Nc6 26. Rd7 b5 27. Ne3 Rxb2 28. Rxb7 b4 29. Nd5 b3 30. Nc3 Na5 31. Rb5 Rc2 32. Na4 Ra2 33. Nc3 Ra3 34. Kh2 b2 35. Nb1 Ra2 36. Nc3 Ra3 37. Nb1 Ra2 38. Nd2 Nc6 39. Nc4 b1=Q 40. Rxb1 Rxf2 41. Kg3 Rc2 42. Ne3 Rc3 43. Kf3 Nd4+ 44. Ke4 Ne6 45. Rf1+ Kg7 46. h4 h5 47. g3 Nc5+ 48. Kd4 Rd3+ 49. Kxc5 Rxe3 50. Kd5 Rxg3 51. Ke6 Rg4 52. Rh1 Re4+ 53. Kd7 Kf6 54. Rf1+ Kg7 55. Rh1 Re2 56. Ke8 e5 57. Ke7 e4 58. Rf1 e3 59. Rf7+ Kh6 60. Rf3 Re1 61. Rg3 e2 62. Rg2 Rh1 63. Rxe2 Rxh4 64. Kf7 Rf4+ 65. Kg8 h4 0-1


[Site "https://www.chess.com"]

[Event "Titled Tuesday Blitz September 28 2021"]
[White "Maksimenko, Viktor"]
[Black "Tanenbaum, Zachary"]
[WhiteFideId "13710478"]
[BlackFideId "2060850"]
[WhiteElo "2269"]
[BlackElo "2165"]
[Result "1-0"]
[Round "08"]
[TimeControl "180+1"]
[Date "2021.09.28"]
[WhiteClock "0:01:08"]
[BlackClock "0:00:02"]

1. d4 d5 2. c4 dxc4 3. Nf3 a6 4. e3 Nf6 5. Bxc4 e6 6. O-O c5 7. Nc3 b5 8. Bb3 Bb7 9. Qe2 Qc7 10. h3 Be7 11. Rd1 O-O 12. dxc5 Bxc5 13. Bc2 Nc6 14. a3 Rfd8 15. b4 Bd6 16. Bb2 Ne5 17. Nxe5 Bxe5 18. Rac1 Rxd1+ 19. Nxd1 Qd6 20. Bb1 Bxb2 21. Nxb2 Nd5 22. Nd3 Rd8 23. Nc5 Ba8 24. Qd3 g6 25. Rd1 Qc6 26. e4 f5 27. Ba2 fxe4 28. Qxe4 Re8 29. Rd3 Kg7 30. Qe5+ Nf6 31. Rf3 1-0


[Site "https://www.chess.com"]